 Dungeon Crawl Stone Soup version 0.32-a0-996-gb3226c233f (webtiles) character file.

Game seed: 1423730287986138614

62444 HiKKi the Shatterer (level 14, -7/199 HPs)
             Began as a Minotaur Berserker on Apr 22, 2024.
             Was a Believer of Trog.
             Mangled by a dire elephant (20 damage)
             ... on level 1 of the Vaults.
             The game lasted 01:14:25 (16941 turns).

HiKKi the Shatterer (Minotaur Berserker)           Turns: 16941, Time: 01:14:27

Health: -7/199     AC: 27    Str: 31    XL:     14   Next: 64%
Magic:  13/13      EV:  2    Int:  7    God:    Trog [**....]
Gold:   1055       SH:  4    Dex: 11    Spells: 13/13 levels left

rFire   + + .        C - +5 morningstar
rCold   + . .        l - +0 buckler
rNeg    . . .        Y - melded +6 plate armour "Plog" {^Contam Rampage rCorr Str+4 Int+3}
rPois   +            W - melded +1 hat
rElec   +            b - melded scarf "Puvevan" {shadows, ^Drain +Inv Regen+ Stlth+}
rCorr   +            y - melded +0 pair of gloves
SInv    .            A - melded +0 pair of boots
Will    +++++        N - amulet of regeneration
Stlth   +            Z - ring "Gubucw" {rF+ Will++ Str+5 Int+3}
HPRegen 1.33/turn    X - +5 ring of evasion
MPRegen 0.13/turn

%: clarity
@: tree-form, resistant, on berserk cooldown, slowed, very slow
A: stationary, stasis, torment immunity, boosted hp, (horns 2), (retaliatory
headbutt), clarity, strong-willed 2, sense surroundings 1, MP-powered wands
a: Renounce Religion, Berserk, Trog's Hand


You were on level 1 of the Vaults.
You worshipped Trog.
Trog was pleased with you.
You were a tree.
You visited 2 branches of the dungeon, and saw 15 of its levels.
You also visited: Sewer, Bailey and Gauntlet.

You collected 1145 gold pieces.
You spent 90 gold pieces at shops.

Inventory:

Hand Weapons
 m - a +2 vampiric glaive
 o - a +2 heavy flail
 w - a +3 heavy battleaxe
 C - a +5 morningstar (weapon)
Missiles
 k - 114 stones (quivered)
 n - 6 boomerangs
 E - 2 atropa-tipped darts
 Q - 25 poisoned darts
Armour
 b - the scarf "Puvevan" (melded) {shadows, ^Drain +Inv Regen+ Stlth+}
   (You acquired it in a bailey)

   +Inv:      It lets you turn invisible.
   Regen+:    It increases your rate of health regeneration.
   ^Drain:    It drains your maximum health when unequipped.
   Stlth+:    It makes you more stealthy.
 l - a +0 buckler (worn)
 y - a +0 pair of gloves (melded)
 A - a +0 pair of boots (melded)
 W - a +1 hat (melded)
 Y - the +6 plate armour "Plog" (melded) {^Contam Rampage rCorr Str+4 Int+3}
   (You found it in a bailey)

   Str+4:     It affects your strength (+4).
   Int+3:     It affects your intelligence (+3).
   ^Contam:   It causes magical contamination when unequipped.
   rCorr:     It protects you from acid and corrosion.
   Rampage:   It bestows one free step when moving towards enemies.
Jewellery
 f - a ring of poison resistance
 i - a +6 ring of dexterity
 v - a +5 ring of evasion
 N - an amulet of regeneration (around neck)
 U - a ring of flight
 X - a +5 ring of evasion (right branch)
 Z - the ring "Gubucw" (left branch) {rF+ Will++ Str+5 Int+3}
   (You acquired it in a bailey)

   [ring of protection from fire]

   Str+5:     It affects your strength (+5).
   Int+3:     It affects your intelligence (+3).
   rF+:       It protects you from fire.
   Will++:    It greatly increases your willpower.
Wands
 a - a wand of charming (3)
 h - a wand of iceblast (16)
 q - a wand of flame (49)
 I - a wand of mindburst (17)
 R - a wand of light (29)
Scrolls
 c - 2 scrolls of poison
 d - 10 scrolls of teleportation
 j - 2 scrolls of amnesia
 p - a scroll of fear
 t - 4 scrolls of noise
 K - a scroll of immolation
 M - 2 scrolls of enchant armour
 T - a scroll of silence
Potions
 e - 4 potions of attraction
 g - 2 potions of mutation
 s - a potion of lignification
 u - 2 potions of resistance
 x - 6 potions of curing
 z - 4 potions of brilliance
 B - 3 potions of degeneration
 F - 4 potions of magic
 G - 2 potions of invisibility
 J - 2 potions of might
 O - a potion of enlightenment
 P - a potion of ambrosia
 V - 5 potions of haste


   Skills:
 + Level 14.9 Fighting
 - Level 2.3(15.1) Axes
 * Level 22.5(23.0) Maces & Flails
 - Level 7.7(16.5) Staves
 + Level 15.9 Armour
 + Level 5.6 Dodging
 - Level 0.1 Stealth
 + Level 3.8 Shields
 - Level 0.5 Evocations


You had 13 spell levels left.
You didn't know any spells.
Your spell library contained the following spells:

 Spells                   Type           Power      Damage    Failure   Level
 Apportation              Tloc           0%         N/A       47%         1
 Cigotuvi's Dreadful Rot  Necr/Alch/Air  0%         N/A       63%         2
 Jinxbite                 Hex            0%         N/A       63%         2
 Lesser Beckoning         Tloc           0%         N/A       63%         2
 Inner Flame              Hex/Fire       0%         N/A       85%         3
 Maxwell's Portable Pile  Tloc           0%         2d(5-13)  85%         3
 Teleport Other           Tloc           0%         N/A       85%         3
 Animate Dead             Necr           0%         N/A       99%         4
 Flame Wave               Conj/Fire      0%         2d4       99%         4
 Ignite Poison            Fire/Alch      0%         N/A       99%         4
 Leda's Liquefaction      Alch/Erth      0%         N/A       99%         4
 Sticky Flame             Fire/Alch      0%         2d4       99%         4
 Alistair's Intoxication  Alch           0%         N/A       100%        5
 Borgnjor's Vile Clutch   Necr/Erth      0%         N/A       100%        5
 Freezing Cloud           Conj/Ice/Air   0%         6-21      100%        5
 Lee's Rapid Deconstruct  Erth           0%         3d4*      100%        5
 Death Channel            Necr           0%         N/A       100%        6
 Permafrost Eruption      Ice/Erth       0%         2x4d1     100%        6


Dungeon Overview and Level Annotations

Branches:
Dungeon (14/15)            Temple (0/1) D:6            Lair (0/5) D:9
    Orc (0/2) D:10         Vaults (1/5) D:14          Sewer (visited)
 Bailey (visited)         Gauntlet (visited)

Altars:
Ashenzari
Dithmenos
Gozag
Hepliaklqana
Makhleb
Okawaru
Ru
Vehumet
Yredelemnul
Zin


Innate Abilities, Weirdness & Mutations

You are a tree.
Your roots penetrate the ground, keeping you stationary.
You cannot be teleported.
You are immune to unholy pain and torment.
Your maximum health is greatly increased.
Your equipment is partially melded.
((You have a pair of horns on your head.))
((You reflexively headbutt those who attack you in melee.))
You possess an exceptional clarity of mind.
You are highly strong-willed. (Will++)
You passively map a small area around you.
You expend magic power (3 MP) to strengthen your wands.


Message History

You headbutt the centaur warrior, but do no damage.
The centaur warrior kicks you but does no damage.
The centaur warrior hits you but does no damage.
The centaur warrior kicks you but does no damage.
As you read the scroll of fear, it crumbles to dust.
You assume a fearsome visage.
The ironbound convoker resists with some effort.
The centaur warrior looks frightened! x2
The dire elephant resists with almost no effort.
The dire elephant resists with some effort.
The dire elephant tramples you but does no damage.
The dire elephant trunk-slaps you but does no damage.
The dire elephant barely misses you. You furiously retaliate!
You headbutt the dire elephant!
The dire elephant trunk-slaps you but does no damage.
The dire elephant tramples you but does no damage.
The dire elephant trunk-slaps you but does no damage.
The dire elephant tramples you!!
* * * LOW HITPOINT WARNING * * *
You hold your ground!
The dire elephant closely misses you.
You feel much better.
Your skin stops crawling.
You feel less strong-willed.
The dire elephant tramples you but does no damage.
The dire elephant trunk-slaps you but does no damage.
The dire elephant tramples you!!
* * * LOW HITPOINT WARNING * * *
You hold your ground!
The dire elephant closely misses you.
The ironbound convoker begins to recite a word of recall!
You turn into a tree.
The scarf "Puvevan" {shadows, ^Drain +Inv Regen+ Stlth+} melds into your body.
Your +1 hat melds into your body.
Your +0 pair of gloves melds into your body.
Your +0 pair of boots melds into your body.
The +6 plate armour "Plog" {^Contam Rampage rCorr Str+4 Int+3} melds into your body.
The dungeon's light returns to normal.
Your roots penetrate the ground.
The centaur warrior cries, "Mercy!"
The dire elephant tramples you but does no damage.
The dire elephant trunk-slaps you but does no damage.
The dire elephant tramples you!!
You die...

, * , , , , ##
,,,,, #. , , ,
#. ,, ,
###'########
#..$♣)...... *
#..YY#(#.... ,
,
#.†∩p###,,..**
* #c...# *
#.###.. * ,
#., .>c$ , , #
*...## ,* * *
, #$#p. , ,
#c.


You could see 2 dire elephants, a centaur warrior (fleeing) and an ironbound
convoker (chanting recall).

Vanquished Creatures
  An ironbound thunderhulk (Vaults:1)
  2 dire elephants (Vaults:1)
  A minotaur (Gauntlet)
  A vault guard (D:14)
  2 boulder beetles (D:12)
  5 centaur warriors
  2 two-headed ogres
  2 tengu warriors
  A thrashing horror (Gauntlet)
  4 skeletal warriors (D:14)
  Amaemon (D:8)
  A glowing orange brain (D:14)
  3 arcanists
  A harpy (shapeshifter) (D:14)
  A deep elf pyromancer (D:12)
  A deep elf zephyrmancer (Bailey)
  6 ugly things
  An orc knight (Bailey)
  5 cyclopes
  A manticore (D:12)
  3 meliai (D:12)
  A black mamba (shapeshifter) (D:14)
  An orange demon (D:8)
  3 unseen horrors
  2 gargoyles
  2 efreet (D:14)
  2 komodo dragons
  Jeremiah (D:8)
  Psyche (D:8)
  2 tengu conjurers
  5 trolls
  2 tyrant leeches (D:10)
  3 vampires
  4 small abominations (Gauntlet)
  4 wraiths
  A wyvern (D:9)
  12 yaks
  A warg (D:10)
  2 basilisks (D:13)
  12 vampire mosquitoes
  4 steam dragons
  2 water moccasins
  Duvessa (D:6)
  3 acid dragons
  7 ice beasts
  10 orc warriors
  2 sky beasts (D:6)
  An ogre (D:4)
  A black bear (D:6)
  2 laughing skulls (D:13)
  A wolf (D:8)
  4 boggarts (D:14)
  8 centaurs
  A phantom (D:6)
  2 kobold brigands
  3 bullfrogs
  A scorpion (D:5)
  Dowan (D:6)
  7 wights
  8 killer bees
  A bombardier beetle (D:5)
  12 howler monkeys
  Crazy Yiuf (D:2)
  2 gnoll boudas (D:7)
  3 hounds (D:6)
  2 jellies
  6 orc priests
  2 sleepcaps
  Natasha (thrice) (D:2)
  An iguana (D:5)
  12 orc wizards
  Terence (D:2)
  Robin (D:2)
  13 adders
  11 gnolls
  4 shadow imps
  2 white imps
  3 ufetubi
  2 ribbon worms
  33 orcs
  11 ball pythons
  7 endoplasms
  7 giant cockroaches
  13 goblins
  5 hobgoblins
  3 jackals (D:3)
  A quokka (D:2)
  4 frilled lizards
  20 kobolds
  6 rats
  A spectral kobold (D:9)
368 creatures vanquished.

Vanquished Creatures (collateral kills)
  A rat (D:3)
1 creature vanquished.

Grand Total: 369 creatures vanquished

Notes
Turn   | Place    | Note
-------+----------+-------------------------------------------
     0 | D:1      | HiKKi the Minotaur Berserker began the quest for the Orb.
     0 | D:1      | Reached XP level 1. HP: 19/19 MP: 0/0
    34 | D:1      | Found a faded altar of an unknown god.
   763 | D:1      | Reached skill level 4 in Maces & Flails
   763 | D:1      | Reached XP level 2. HP: 23/27 MP: 1/1
  1085 | D:2      | Noticed Terence
  1093 | D:2      | Killed Terence
  1094 | D:2      | Reached XP level 3. HP: 28/33 MP: 2/2
  1269 | D:2      | Noticed Natasha
  1277 | D:2      | Killed Natasha
  1278 | D:2      | Reached XP level 4. HP: 32/41 MP: 3/3
  1639 | D:2      | Noticed Robin
  1649 | D:2      | Killed Robin
  1718 | D:2      | Found a runed translucent door.
  1719 | D:2      | Noticed Crazy Yiuf
  1728 | D:2      | Killed Crazy Yiuf
  1729 | D:2      | Reached skill level 1 in Axes
  1729 | D:2      | Reached skill level 5 in Maces & Flails
  2022 | D:2      | Reached XP level 5. HP: 45/47 MP: 4/4
  2116 | D:2      | Noticed Natasha
  2126 | D:2      | Killed Natasha
  2131 | D:2      | Noticed Natasha
  2134 | D:2      | Killed Natasha
  2333 | D:3      | Reached ** piety under Trog
  2334 | D:3      | Reached skill level 5 in Fighting
  2434 | D:3      | Reached skill level 1 in Staves
  2434 | D:3      | Reached XP level 6. HP: 56/56 MP: 5/5
  2520 | D:3      | Found a shadowy altar of Dithmenos.
  2941 | D:3      | Identified the +1 scale mail of Dusk {rF+}
  3121 | D:4      | Found a radiant altar of Vehumet.
  3205 | D:4      | Found a glowing drain.
  3221 | Sewer    | Entered a sewer
  3428 | Sewer    | Found a viscous altar of Jiyva.
  4022 | D:4      | Reached XP level 7. HP: 62/62 MP: 6/6
  4029 | D:4      | Found an iron altar of Okawaru.
  4219 | D:4      | Found a sacrificial altar of Ru.
  4283 | D:4      | Found a broken altar of Ashenzari.
  4624 | D:5      | Entered Level 5 of the Dungeon
  4648 | D:5      | Reached skill level 5 in Armour
  4971 | D:5      | Reached skill level 5 in Staves
  5538 | D:6      | Reached XP level 8. HP: 73/73 MP: 7/7
  5580 | D:6      | Found a staircase to the Ecumenical Temple.
  5599 | D:6      | Noticed Duvessa
  5604 | D:6      | Noticed Dowan
  5607 | D:6      | Killed Duvessa
  5614 | D:6      | Killed Dowan
  6100 | D:6      | HP: 4/111 [poisoned by an adder]
  6101 | D:6      | HP: 1/74 [poisoned by an adder]
  6157 | D:6      | Gained mutation: You are partially covered in iridescent
                  | scales. (AC +2) [potion of mutation]
  6157 | D:6      | Gained mutation: You are vulnerable to cold. (rC-) [potion
                  | of mutation]
  6164 | D:6      | Identified 4 scrolls of acquirement
  6164 | D:6      | Acquired a manual of Maces & Flails
  6225 | D:6      | Reached XP level 9. HP: 80/82 MP: 8/8
  6530 | D:7      | Reached skill level 6 in Maces & Flails
  6649 | D:7      | Found a flagged portal.
  6659 | Bailey   | Entered a bailey
  6753 | Bailey   | Reached skill level 7 in Maces & Flails
  6772 | Bailey   | Reached skill level 8 in Maces & Flails
  6790 | Bailey   | Reached skill level 9 in Maces & Flails
  6823 | Bailey   | Noticed an orc knight
  6837 | Bailey   | Killed an orc knight
  6838 | Bailey   | Reached skill level 10 in Maces & Flails
  6917 | Bailey   | Noticed a deep elf zephyrmancer
  6920 | Bailey   | Found a large runed translucent door.
  6920 | Bailey   | Found a large runed translucent door.
  6982 | Bailey   | Killed a deep elf zephyrmancer
  6983 | Bailey   | Reached skill level 11 in Maces & Flails
  7028 | Bailey   | Identified the +6 plate armour "Plog" {^Contam Rampage
                  | rCorr Str+4 Int+3}
  7065 | Bailey   | Upgraded the game from 0.32-a0-994-gabb26cbae4 to
                  | 0.32-a0-996-gb3226c233f
  7067 | Bailey   | Acquired the ring "Gubucw" {rF+ Will++ Str+5 Int+3}
  7073 | Bailey   | Acquired the scarf "Puvevan" {shadows, ^Drain +Inv Regen+
                  | Stlth+}
  7094 | Bailey   | Acquired a manual of Maces & Flails
  7308 | D:7      | Reached XP level 10. HP: 91/91 MP: 9/9
  7772 | D:7      | Found a basalt altar of Yredelemnul.
  8005 | D:8      | Reached skill level 12 in Maces & Flails
  8055 | D:8      | Noticed Amaemon
  8055 | D:8      | Noticed an orange demon
  8060 | D:8      | Killed an orange demon
  8065 | D:8      | Killed Amaemon
  8066 | D:8      | Reached skill level 13 in Maces & Flails
  8869 | D:8      | Noticed a two-headed ogre
  8880 | D:8      | Killed a two-headed ogre
  8881 | D:8      | Reached skill level 10 in Armour
  8913 | D:8      | Lost mutation: You are partially covered in iridescent
                  | scales. (AC +2) [potion of mutation]
  8913 | D:8      | Lost mutation: You are vulnerable to cold. (rC-) [potion of
                  | mutation]
  8913 | D:8      | Gained mutation: You expend magic power (3 MP) to
                  | strengthen your wands. [potion of mutation]
  8913 | D:8      | Gained mutation: You passively map a small area around you.
                  | [potion of mutation]
  8913 | D:8      | Gained mutation: Your spells are a little harder to cast,
                  | but a little more powerful. [potion of mutation]
  8914 | D:8      | Lost mutation: You expend magic power (3 MP) to strengthen
                  | your wands. [potion of mutation]
  8914 | D:8      | Lost mutation: Your spells are a little harder to cast, but
                  | a little more powerful. [potion of mutation]
  8914 | D:8      | Gained mutation: You expend magic power (3 MP) to
                  | strengthen your wands. [potion of mutation]
  8914 | D:8      | Gained mutation: You are strong-willed. (Will+) [potion of
                  | mutation]
  8914 | D:8      | Gained mutation: You are highly strong-willed. (Will++)
                  | [potion of mutation]
  8914 | D:8      | Gained mutation: You possess an exceptional clarity of
                  | mind. [potion of mutation]
  8931 | D:8      | Reached skill level 14 in Maces & Flails
  8942 | D:8      | Reached skill level 10 in Fighting
  9082 | D:8      | Noticed Jeremiah
  9091 | D:8      | Killed Jeremiah
  9245 | D:8      | Reached skill level 15 in Maces & Flails
  9347 | D:8      | Reached XP level 11. HP: 100/100 MP: 10/10
  9415 | D:8      | Noticed Psyche
  9418 | D:8      | Paralysed by Psyche for 1 turns
  9422 | D:8      | Killed Psyche
  9573 | D:8      | Found a burning altar of Makhleb.
  9832 | D:9      | Found an opulent altar of Gozag.
 10205 | D:9      | Found a staircase to the Lair.
 10333 | D:9      | Reached skill level 16 in Maces & Flails
 10485 | D:9      | Found a hazy altar of Hepliaklqana.
 10589 | D:10     | Entered Level 10 of the Dungeon
 10603 | D:10     | Found a staircase to the Orcish Mines.
 10837 | D:10     | Noticed a two-headed ogre
 10842 | D:10     | Killed a two-headed ogre
 10859 | D:10     | Reached *** piety under Trog
 10916 | D:10     | Reached skill level 17 in Maces & Flails
 10962 | D:10     | Found the +8 Vampire's Tooth {megavamp}
 12483 | D:11     | Noticed a centaur warrior
 12497 | D:11     | Killed a centaur warrior
 12793 | D:12     | Reached skill level 18 in Maces & Flails
 12793 | D:12     | Reached XP level 12. HP: 106/110 MP: 11/11
 12838 | D:12     | Found Zin's Purification Station.
 12860 | D:12     | Found a glowing silver altar of Zin.
 12864 | D:12     | Bought a potion of curing for 90 gold pieces
 12916 | D:12     | Noticed a boulder beetle
 12925 | D:12     | Killed a boulder beetle
 12945 | D:12     | Noticed a boulder beetle
 12962 | D:12     | Killed a boulder beetle
 12963 | D:12     | Reached skill level 19 in Maces & Flails
 13796 | D:13     | Noticed a centaur warrior
 13804 | D:13     | Killed a centaur warrior
 14072 | D:13     | Reached skill level 20 in Maces & Flails
 14107 | D:13     | Found a gate leading to a gauntlet.
 14124 | Gauntlet | Entered a Gauntlet
 14124 | Gauntlet | Found a transporter.
 14128 | Gauntlet | Found a transporter.
 14128 | Gauntlet | Noticed a death yak
 14128 | Gauntlet | Noticed a death yak
 14129 | Gauntlet | Noticed a death yak
 14135 | Gauntlet | Found a transporter.
 14139 | Gauntlet | Found a transporter.
 14142 | Gauntlet | Noticed a hell beast
 14150 | Gauntlet | Found a transporter.
 14157 | Gauntlet | Found a transporter.
 14170 | Gauntlet | Found a transporter.
 14171 | Gauntlet | Found the +2 pair of slick slippers {slick, slippery, EV+4}
 14189 | Gauntlet | Found a transporter.
 14191 | Gauntlet | Found a transporter.
 14201 | Gauntlet | Found a transporter.
 14223 | Gauntlet | Found a transporter.
 14226 | Gauntlet | Found a transporter.
 14628 | Gauntlet | Noticed a minotaur
 14638 | Gauntlet | Killed a minotaur
 14803 | D:13     | Noticed a tengu warrior
 14820 | D:13     | Killed a tengu warrior
 14828 | D:13     | Reached XP level 13. HP: 122/122 MP: 12/12
 15825 | D:14     | Reached skill level 21 in Maces & Flails
 15836 | D:14     | Reached skill level 15 in Armour
 16096 | D:14     | Found a gate to the Vaults.
 16111 | D:14     | Reached skill level 1 in Shields
 16515 | D:14     | Reached skill level 22 in Maces & Flails
 16515 | D:14     | Reached skill level 5 in Dodging
 16515 | D:14     | Reached XP level 14. HP: 133/133 MP: 13/13
 16898 | Vaults:1 | Entered Level 1 of the Vaults
 16899 | Vaults:1 | Noticed an ironbound thunderhulk
 16932 | Vaults:1 | Killed an ironbound thunderhulk
 16937 | Vaults:1 | HP: 1/133 [dire elephant (26)]
 16941 | Vaults:1 | Mangled by a dire elephant

Illustrated notes

Levels and vault maps discovered:
D:1:      saegor_arrival_simple_b, layout_basic,
          chequers_ecumenical_altar_simple_redux
D:2:      layout_loops_ring, uniq_natasha, uniq_terence,
          uniq_crazy_yiuf_cottage, uniq_robin
D:3:      layout_basic, nicolae_overflow_crystal_walls,
          kennysheep_generic_room_8
D:4:      layout_basic, okawaru_trees_1, vehumet_altar_wand_db,
          mainiacjoe_overflow_cross_hatched, ashenzari_conservatory_becter,
          gup_sewer_entry_glass, minmay_increasing_density
D:5:      layout_loops_ring
D:6:      layout_gridville, minmay_temple_entry_gardened_gates, st_stairs_9,
          dreamdust_princess_corridor, uniq_duvessa
D:7:      layout_loops_ring, lemuel_coloured_pillars_altar, enter_bailey_1
D:8:      layout_rooms, kennysheep_mini_moat, serial_ice, serial_ice_k,
          serial_ice_b, serial_ice_n, serial_ice_e, minmay_tree_intersection,
          grunt_ministairs_13, uniq_psyche, uniq_jeremiah, uniq_amaemon
D:9:      layout_rooms, nicolae_gozag_seed_capital,
          nicolae_hepliaklqana_monster_ancestors, lair_entry_dummy,
          kennysheep_flooded_box
D:10:     layout_irregular_city, david_orc_3,
          minmay_guarded_unrand_vampires_tooth
D:11:     layout_roguey
D:12:     layout_basic, zin_purify
D:13:     layout_basic, gauntlet_entry_generic
D:14:     layout_loops_ring, hellmonk_vaults_order_and_chaos,
          nicolae_benzene_ring, kennysheep_generic_room_14
Vaults:1: gammafunk_ghost_grave, lightli_orcish_oven,
          nicolae_vaults_storage_closets_1, nicolae_vaults_apartment_1,
          v_misc_5, v_misc_19, nicolae_vaults_what_the_h, v_misc_3,
          ontoclasm_vaults_ring_large, nicolae_vaults_trapezoid_lopsided_4,
          nicolae_vaults_shelves_hall, vaults_room_corners,
          nicolae_vaults_offset_grid_hallway_1, v_misc_19, v_misc_8,
          layout_vaults_omnibox

Skill      XL: |  1  2  3  4  5  6  7  8  9 10 11 12 13 |
---------------+----------------------------------------+-----
Fighting       | 4 5 7 8 9 10 11 13 14 | 14.9
Maces & Flails | 4 5 11 15 18 20 22 | 22.5
Armour         | 3 4 5 7 8 11 13 14 15 | 15.9
Axes           | 1 2 |  2.3
Dodging        | 3 4 5 |  5.6
Staves         | 1 3 5 7 |  7.7
Shields        | 3 |  3.8
Stealth        | |  0.1
Evocations     | |  0.5

Action                     |  1- 3 |  4- 6 |  7- 9 | 10-12 | 13-15 || total
---------------------------+-------+-------+-------+-------+-------++-------
  Melee: Mace              |    24 |       |   101 |    12 |       ||   137
         Headbutt          |     5 |    13 |    40 |    91 |    38 ||   187
         Hand axe          |     8 |    30 |       |       |       ||    38
         Quarterstaff      |       |   105 |   104 |       |       ||   209
         Flail             |       |       |       |   161 |       ||   161
         Morningstar       |       |       |       |   272 |   130 ||   402
  Throw: Stone             |     1 |       |     4 |     6 |     9 ||    20
         Dart              |       |       |     4 |     2 |       ||     6
 Invoke: Berserk           |     1 |     7 |     7 |    27 |     6 ||    48
         Trog's Hand       |       |     2 |     7 |    27 |     3 ||    39
Ability: Evoke Invisibilit |       |       |       |     1 |       ||     1
    Use: Scroll            |       |       |    17 |     9 |     2 ||    28
         Potion            |       |       |     8 |     3 |     8 ||    19
   Stab: Confused          |       |     1 |       |       |       ||     1
 Armour: Leather armour    |    15 |       |       |       |       ||    15
         Chain mail        |     5 |   105 |    10 |       |       ||   120
         Plate armour      |       |       |   205 |   519 |   170 ||   894
         Crystal plate arm |       |       |     5 |       |       ||     5
         Skin              |       |       |       |       |     3 ||     3
  Dodge: Dodged            |    13 |    72 |    83 |   216 |    87 ||   471
  Block: Buckler           |       |       |       |       |    29 ||    29

Table legend: (Time is in decaauts)
 A = Elapsed time spent in this place.
 B = Non-inter-level travel time spent in this place.
 C = Inter-level travel time spent in this place.
 D = Time resting spent in this place.
 E = Time spent auto-exploring this place.
 F = Levels seen in this place.
 G = Mean time per level.
                   A        B        C        D        E       F      G
               +--------+--------+--------+--------+--------+-----+--------+
         Total |  17277 |  17277 |      0 |   5608 |   6911 |  18 |  959.8 |
       Dungeon |  15714 |  15714 |      0 |   5306 |   6676 |  14 | 1122.4 |
        Vaults |     32 |     32 |      0 |      0 |      0 |   1 |   32.0 |
         Sewer |    370 |    370 |      0 |    129 |     46 |   1 |  370.0 |
        Bailey |    507 |    507 |      0 |    119 |     33 |   1 |  507.0 |
      Gauntlet |    652 |    652 |      0 |     53 |    156 |   1 |  652.0 |
               +--------+--------+--------+--------+--------+-----+--------+

Top non-repeatable levels by time:
     D:8: 1816 daAuts
    D:13: 1420 daAuts
     D:2: 1241 daAuts
     D:4: 1227 daAuts
    D:10: 1191 daAuts
    D:14: 1112 daAuts
    D:11: 1087 daAuts
     D:1: 1062 daAuts
     D:6: 999 daAuts
     D:7: 990 daAuts
    D:12: 980 daAuts
     D:5: 902 daAuts
     D:3: 872 daAuts
     D:9: 809 daAuts
Gauntlet: 652 daAuts
